 Seeded DCSS version 0.29.1-15-g9cfb28693d (webtiles) character file.

Game seed: 16245865983455551772 (custom seed)

171 Darius099 the Sneak (level 5, 0/34 HPs)
             Began as an Octopode Brigand on Mar 11, 2023.
             Slain by an orc wizard
             ... wielding a +0 dagger
              (3 damage)
             ... on level 3 of the Dungeon.
             The game lasted 00:02:31 (2347 turns).

Darius099 the Sneak (Octopode Brigand)              Turns: 2347, Time: 00:02:31

Health: 0/34       AC:  1    Str: 10    XL:     5   Next: 51%
Magic:  5/5        EV: 12    Int: 26    God:
Gold:   138        SH:  0    Dex: 15    Spells: 4/4 levels left

rFire   . . .      SeeInvis .   a - +2 dagger
rCold   . . .      Faith    .   (no shield)
rNeg    . . .      Spirit   .   (helmet restricted)
rPois   .          Reflect  .   (no amulet)
rElec   .          Harm     .   h - +6 ring of intelligence
rCorr   .          Rampage  .   i - +6 ring of intelligence
Will    .....                   (no ring)
Stlth   +++++.....              (no ring)
HPRegen 0.11/turn               (no ring)
MPRegen 0.09/turn               (no ring)
                                (no ring)
                                (no ring)

@: no status effects
A: almost no armour, amphibious, 8 rings, camouflage 1, gelatinous body 1,
(nimble swimmer 1), tentacles
a: no special abilities


You were on level 3 of the Dungeon.
You visited 1 branch of the dungeon, and saw 3 of its levels.

You collected 138 gold pieces.

Inventory:

Hand Weapons
 a - a +2 dagger (weapon)
Missiles
 b - 11 poisoned darts (quivered)
 c - 3 curare-tipped darts
Jewellery
 h - a +6 ring of intelligence (left tentacle)
 i - a +6 ring of intelligence (right tentacle)
Wands
 o - a wand of roots (4)
Scrolls
 d - 3 scrolls of acquirement {unknown}
 g - 2 scrolls of teleportation {unknown}
 j - 3 scrolls of identify {unknown}
 l - a scroll of summoning {unknown}
 m - a scroll of enchant weapon {unknown}
 n - a scroll of immolation {unknown}
 p - a scroll of noise {unknown}
Potions
 e - a potion of might {unknown}
 f - 2 potions of flight {unknown}
 k - a potion of lignification {unknown}


   Skills:
 - Level 2.0 Fighting
 + Level 4.1 Short Blades
 - Level 2.0 Throwing
 - Level 1.0 Dodging
 + Level 7.5 Stealth


You had 4 spell levels left.
You didn't know any spells.
Your spell library contained the following spells:

 Spells                   Type           Power      Damage    Failure   Level
 Sting                    Tmut/Pois      0%         1d3       13%         1
 Poisonous Vapours        Pois/Air       0%         N/A       19%         2
 Olgreb's Toxic Radiance  Pois           0%         N/A       77%         4
 Chain Lightning          Conj/Air       0%         N/A       100%        9
 Fire Storm               Conj/Fire      0%         5d1       100%        9
 Shatter                  Erth           0%         3d5*      100%        9


Dungeon Overview and Level Annotations

Branches:
Dungeon (3/15)

Altars:

Shops:
D:3 [


Innate Abilities, Weirdness & Mutations

You cannot wear most types of armour.
You are amphibious.
You can wear up to eight rings at the same time.
Your skin changes colour to match your surroundings (Stealth+).
Your rubbery body absorbs attacks. (AC +1, EV +1)
((You are camouflaged when in or above water. (Stealth+)))
You have tentacles for arms and can constrict up to eight enemies at once.


Message History

You constrict the orc wizard. The orc wizard casts a spell at you.
The magic dart hits you! The orc hits you with a +0 dagger.
You hit the orc wizard but do no damage.
Your squeeze misses the orc wizard.
The orc wizard is almost dead.
You constrict the orc wizard. The orc wizard barely misses you.
The orc hits you with a +0 dagger.
You hit the orc wizard.
You kill the orc wizard!
The orc misses you.
The orc wizard casts a spell.
The orc wizard flickers and vanishes!
Deactivating autopickup; reactivate with Ctrl-A.
You hit the orc. You grab the orc. You squeeze the orc.
You kill the orc!
The ball python attacks as you move away!
The ball python closely misses you.
A ball python is nearby!
A ball python is nearby!
You closely miss the ball python. You grab the ball python.
You constrict the ball python.
The ball python bites you but does no damage.
The ball python closely misses you.
You hit the ball python.
You kill the ball python!
Something hits you.
You see here a ball python corpse.
You closely miss something. Something hits you.
* * * LOW HITPOINT WARNING * * *
You hit something. Your squeeze misses something. Something hits you.
* * * LOW HITPOINT WARNING * * *
You closely miss something. Your squeeze misses something. You hit something.
Something hits you but does no damage.
You miss something. Something hits you.
* * * LOW HITPOINT WARNING * * *
You hit something. Your squeeze misses something. Something hits you.
* * * LOW HITPOINT WARNING * * *
You hit something. Your squeeze misses something. Something hits you.
You die...

.........# ###### #.#...#.##
....> #..#.#...# ###..####
#...∩....# #.......#
#..#.#...#
...###.#.....###.#...#..######
..........o............)).....
##...#.#.#######.#.###########
#.# ## #.#))..{@...#...
......† #.#####
#.############### #######
#.#...# ..# #.#...# #.#
#.#.(.# #.########### ###
#.#...# #.#.........# #..
#.#...# #.#.........# #..
#.#...# #.#.........# #.[
......###.'.........# #.†


There were no monsters in sight!

Vanquished Creatures
  An orc priest (D:3)
  Jessica (D:2)
  An orc wizard (D:3)
  Natasha (D:3)
  2 adders
  5 orcs (D:3)
  4 ball pythons
  2 bats
  5 endoplasms
  2 goblins (D:1)
  5 hobgoblins
  3 quokkas (D:1)
  2 frilled lizards
  3 kobolds
  6 rats
43 creatures vanquished.

Vanquished Creatures (others)
  A plant (D:3)
1 creature vanquished.

Grand Total: 44 creatures vanquished

Notes
Turn   | Place    | Note
-------+----------+-------------------------------------------
     0 | D:1      | Darius099 the Octopode Brigand began the quest for the Orb.
     0 | D:1      | Reached XP level 1. HP: 14/14 MP: 1/1
   183 | D:1      | Reached XP level 2. HP: 19/19 MP: 2/2
   249 | D:1      | Found a faded altar of an unknown god.
   919 | D:1      | Reached skill level 6 in Stealth
   962 | D:1      | Reached XP level 3. HP: 23/24 MP: 3/3
  1252 | D:2      | Noticed Jessica
  1256 | D:2      | Killed Jessica
  1257 | D:2      | Reached XP level 4. HP: 29/29 MP: 4/4
  1910 | D:3      | Noticed Natasha
  1917 | D:3      | Killed Natasha
  2094 | D:3      | Reached skill level 7 in Stealth
  2101 | D:3      | Found Ymmy Ciutu's Antique Armour Shoppe.
  2115 | D:3      | Reached XP level 5. HP: 20/34 MP: 5/5
  2347 | D:3      | Slain by an orc wizard

Illustrated notes

Levels and vault maps discovered:
D:1:      minmay_arrival_hallway, layout_loops_corners, basic_ecumenical_altar,
          minmay_unequal
D:2:      layout_loops_ring, uniq_jessica
D:3:      layout_basic, serial_shops, nicolae_shop_advertising_works
          [nicolae_subvault_shop_adworks], minmay_shallow_snake_nest,
          uniq_natasha

Skill      XL: |  1  2  3  4  5 |
---------------+----------------+-----
Stealth        | 6 7 |  7.5
Short Blades   | 3 4 |  4.1
Fighting       | |  2.0
Throwing       | |  2.0
Dodging        | |  1.0

Action                   |  1- 3 |  4- 6 || total
-------------------------+-------+-------++-------
Melee: Dagger            |    28 |    48 ||    76
       Tentacles         |     4 |    13 ||    17
       Constrict         |     3 |    11 ||    14
       Punch             |       |     1 ||     1
 Stab: Sleeping          |    11 |     7 ||    18
Armor: Skin              |     1 |     4 ||     5
Dodge: Dodged            |    10 |    14 ||    24
